 Dungeon Sprint DCSS version 0.16-a0-3781-g2316936 (console) character file.

12161 Monkaria the Fencer (level 11, -15/115 HPs)
             Began as a Hill Orc Fighter on Jan 25, 2015.
             Was the Champion of Makhleb.
             Killed from afar by an ice dragon (33 damage)
             ... with a blast of cold
             ... in the Dungeon (Sprint IX: "|||||||||||||||||||||||||||||").
             The game lasted 00:15:18 (3203 turns).

Monkaria the Fencer (Hill Orc Fighter)              Turns: 3203, Time: 00:15:19

Health: -15/115    AC: 22    Str: 26    XL:     11   Next: 89%
Magic:  6/25       EV:  9    Int:  8    God:    Makhleb [******]
Gold:   838        SH: 12    Dex: 10    Spells: 0 memorised, 10 levels left

rFire  . . .     SeeInvis .     a - +4 scimitar (flame)
rCold  . . .     Clarity  .     s - +0 plate armour
rNeg   . . .     SustAb   .     c - +0 shield
rPois  .         Gourm    .     L - +1 helmet
rElec  .         Spirit   .     N - +1 cloak
rCorr  .         Warding  .     q - +0 pair of gloves
rMut   .         NoTele   +     (no boots)
MR     .....                    (no amulet)
Stlth  ..........               u - +3 ring of strength
                                t - +2 ring of evasion

@: lethally poisoned, not resistant to hostile enchantments, extremely
unstealthy
A: no striking features
a: Minor Destruction, Lesser Servant of Makhleb, Major Destruction, Greater
Servant of Makhleb, Renounce Religion


You were in the Dungeon.
You worshipped Makhleb.
Makhleb was exalted by your worship.
You were not hungry.

You visited 1 branch You collected 1917 gold pieces.
You spent 1079 gold pieces at shops.

Inventory:

Hand weapons
 a - a +4 scimitar of flaming (weapon)
 p - a +2 scimitar of holy wrath
 J - a +0 triple sword
Armour
 c - a +0 shield (worn)
 q - a +0 pair of gloves (worn)
 s - a +0 plate armour (worn)
 F - the +0 ice dragon armour of the Harp {rElec rF- rC++ rCorr Str+2}
   (You bought it in a shop in the Dungeon)

   It affects your strength (+2).
   It makes you vulnerable to fire.
   It greatly protects you from cold.
   It insulates you from electricity.
   It protects you from acid and corrosion.
 L - a +1 helmet (worn)
 M - a +1 fire dragon armour
 N - a +1 cloak (worn)
Jewellery
 t - a +2 ring of evasion (left hand)
 u - a +3 ring of strength (right hand)
 E - an uncursed ring of protection from cold
 G - an uncursed ring of fire
 H - an uncursed ring of ice
 I - an uncursed ring of protection from cold
Magical devices
 o - a wand of fire (6)
Scrolls
 k - 2 scrolls of blinking
 m - 3 scrolls of remove curse
 n - 2 scrolls of amnesia
 w - 6 scrolls of enchant weapon
 x - 4 scrolls of enchant armour
 z - a scroll of fog
 O - a scroll of fear
 P - a scroll of recharging
Potions
 e - 2 potions of might
 f - a potion of invisibility
 g - 5 potions of heal wounds
 h - a potion of haste
 i - 4 potions of magic
 j - 3 potions of berserk rage
 l - 4 potions of curing
Comestibles
 b - 13 bread rations
 d - 40 fruits
 v - 12 meat rations
 B - 2 chunks of flesh


   Skills:
 - Level 16.3 Fighting
 + Level 19.1 Long Blades
 * Level 13.3 Armour
 - Level 11.0 Shields
 - Level 11.5 Invocations


You had 10 spell levels left.
You didn't know any spells.

Dungeon Overview and Level Annotations

Branches:
Dungeon (1/1)

Altars:
Cheibriados
Dithmenos
Elyvilon
Fedhas
Gozag
Kikubaaqudgha
Makhleb
Nemelex Xobeh
Okawaru
Qazlal
Ru
Sif Muna
Trog
Vehumet
Xom
Yredelemnul
Zin
The Shining One
Beogh
Jiyva
Lugonu

Shops:
D *[:[


Message History

The ice dragon is moderately wounded.
You feel sick.
You slice the ice dragon!! You burn the ice dragon!
The ice dragon is heavily wounded.
The ice dragon breathes frost at you. The blast of cold hits you!
* * * LOW HITPOINT WARNING * * *
You hit the ice dragon. You burn the ice dragon.
The ice dragon is severely wounded.
You feel sick.
The great orb of eyes pulsates ominously.
You block the ice dragon's attack. x2
The ice dragon tramples you but does no damage.
You feel sick.
You see here a bolt of frost.
Use which ability? (? or * to list)
A demon appears!
You feel somewhat more hungry.
You feel sick. The ice dragon breathes frost at you.
The blast of cold hits you!
You die...

▓.▓.▓.▓.▓∩▓.▓.▓
▓.▓.▓.▓.▓)▓.▓.▓
▓.▓.▓(▓.▓∩▓.▓s▓
▓)▓.▓.▓.▓)▓.▓.▓
▓.▓.▓.▓.▓∩▓.▓c▓
▓.▓.▓.▓.▓.▓.▓G▓
▓.▓.▓.▓.▓∩▓.▓Y▓
▓.▓.▓.▓.▓.▓.▓D▓
▓.▓.▓.▓.▓)▓.▓@▓
▓)▓.▓.▓.▓)▓.▓.▓
▓|▓.▓.▓.▓)▓.▓2▓
▓.▓.▓'▓.▓.▓.▓[▓
▓.▓.▓.▓.▓)▓.▓.▓
▓'▓.▓.▓.▓)▓.▓.▓
▓_▓.▓.▓.▓.▓.▓.▓
▓_▓.▓.▓.▓.▓.▓.▓
▓_▓.▓.▓.▓.▓.▓.▓


You could see an emperor scorpion, a dire elephant, an ice dragon, a great orb
of eyes, a centaur warrior and a friendly green death.

Vanquished Creatures
  An ettin (D)
  A hydra (D)
  Erica (D)
  2 hill giants (D)
  An orc knight (D)
  3 orc sorcerers (D)
  3 spiny frogs (D)
  A yaktaur (D)
  A giant leech (D)
  2 blink frogs (D)
  A slime creature (D)
  A troll (D)
  A blue devil (D)
  A trapdoor spider (D)
  A shadow (D)
  A hippogriff (D)
  2 vampire mosquitoes (D)
  An eye of draining (D)
  3 orc zombies (D)
  A phantom (D)
  4 orc warriors (D)
  An ogre (D)
  A crocodile (D)
  4 giant frogs (D)
  A crimson imp (D)
  3 orc priests (D)
  4 iguanas (D)
  A hound (D)
  A worker ant (D)
  8 orc wizards (D)
  A hound zombie (D)
  A giant mite (D)
  A shadow imp (D)
  5 orcs (D)
  A bat zombie (D)
  A goblin (D)
  2 hobgoblins (D)
  A ball python skeleton (D)
  4 bats (D)
  A giant cockroach zombie (D)
  A kobold (D)
76 creatures vanquished.

Vanquished Creatures (collateral kills)
  A hydra (D)
  A death yak (D)
  An orc knight (D)
  5 orc sorcerers (D)
  An elephant (D)
  A spiny frog (D)
  A boulder beetle (D)
  6 orc warriors (D)
  A boring beetle (D)
  2 hounds (D)
  3 orc wizards (D)
  A sheep (D)
  An orc (D)
25 creatures vanquished.

Vanquished Creatures (others)
  A green death (D)
  An orc zombie (D)
  A quokka (D)
3 creatures vanquished.

Grand Total: 104 creatures vanquished

Notes
Turn   | Place    | Note
--------------------------------------------------------------
     0 | D        | Monkaria, the Hill Orc Fighter, began the quest for the Orb.
     0 | D        | Reached XP level 1. HP: 19/19 MP: 1/1
    12 | D        | Reached skill level 4 in Fighting
    33 | D        | Noticed a worker ant
    33 | D        | Noticed an orc wizard
    33 | D        | Noticed an iguana
    35 | D        | Killed an orc wizard
    35 | D        | Reached skill level 5 in Fighting
    35 | D        | Reached skill level 5 in Long Blades
    35 | D        | Reached XP level 2. HP: 21/29 MP: 2/2
    35 | D        | Reached XP level 3. HP: 26/36 MP: 3/3
    42 | D        | Reached skill level 6 in Long Blades
    53 | D        | Killed an iguana
    53 | D        | Reached skill level 7 in Long Blades
    53 | D        | Reached XP level 4. HP: 18/45 MP: 4/4
    62 | D        | Killed a worker ant
    62 | D        | Reached skill level 8 in Long Blades
   267 | D        | Found a glowing silver altar of Zin.
   267 | D        | Found a glowing golden altar of the Shining One.
   267 | D        | Found an ancient bone altar of Kikubaaqudgha.
   267 | D        | Found a basalt altar of Yredelemnul.
   267 | D        | Found a shimmering altar of Xom.
   267 | D        | Found a radiant altar of Vehumet.
   267 | D        | Found an iron altar of Okawaru.
   268 | D        | Found a burning altar of Makhleb.
   269 | D        | Found a deep blue altar of Sif Muna.
   270 | D        | Found a bloodstained altar of Trog.
   271 | D        | Found a sparkling altar of Nemelex Xobeh.
   272 | D        | Found a white marble altar of Elyvilon.
   273 | D        | Found a roughly hewn altar of Beogh.
   274 | D        | Found a viscous altar of Jiyva.
   275 | D        | Found a corrupted altar of Lugonu.
   276 | D        | Found a blossoming altar of Fedhas.
   277 | D        | Became a worshipper of Makhleb the Destroyer
   278 | D        | Found a snail-covered altar of Cheibriados.
   279 | D        | Found a shadowy altar of Dithmenos.
   280 | D        | Found a stormy altar of Qazlal.
   281 | D        | Found an opulent altar of Gozag.
   282 | D        | Found a sacrificial altar of Ru.
   333 | D        | Noticed an ogre
   333 | D        | Noticed a phantom
   333 | D        | Noticed a hill giant
   338 | D        | Acquired Makhleb's first power
   351 | D        | Killed a hill giant
   351 | D        | Reached skill level 15 in Fighting
   351 | D        | Reached XP level 5. HP: 12/70 MP: 5/5
   351 | D        | Reached XP level 6. HP: 13/78 MP: 6/6
   351 | D        | Reached XP level 7. HP: 14/84 MP: 7/7
   354 | D        | Killed an ogre
   354 | D        | Acquired Makhleb's second power
   354 | D        | Reached skill level 5 in Armour
   419 | D        | Killed a phantom
   661 | D        | Noticed a hill giant
   661 | D        | Noticed a hound
   661 | D        | Noticed an orc warrior
   661 | D        | Noticed a giant frog
   669 | D        | Killed a giant frog
   669 | D        | Reached XP level 8. HP: 87/93 MP: 8/8
   679 | D        | Killed an orc warrior
   679 | D        | Acquired Makhleb's third power
   690 | D        | Killed a hound
   690 | D        | Reached skill level 1 in Invocations
   700 | D        | Acquired Makhleb's fourth power
   716 | D        | Killed a hill giant
   716 | D        | Reached skill level 10 in Armour
  1058 | D        | Noticed a death yak
  1058 | D        | Noticed a giant frog
  1058 | D        | Noticed an iguana
  1058 | D        | Noticed a spiny frog
  1058 | D        | Noticed an iguana
  1058 | D        | Noticed a hippogriff
  1058 | D        | Noticed an iguana
  1062 | D        | Noticed a hound
  1064 | D        | Killed an iguana
  1069 | D        | Noticed a giant frog
  1078 | D        | Killed a hippogriff
  1082 | D        | Killed an iguana
  1082 | D        | Acquired Makhleb's fifth power
  1082 | D        | Reached XP level 9. HP: 72/100 MP: 19/22
  1087 | D        | Killed a spiny frog
  1094 | D        | Killed an iguana
  1104 | D        | Killed a giant frog
  1118 | D        | Killed a death yak
  1119 | D        | Killed a hound
  1126 | D        | Killed a giant frog
  1448 | D        | Noticed a boring beetle
  1448 | D        | Noticed a hound
  1448 | D        | Noticed an elephant
  1448 | D        | Noticed a seven-headed hydra
  1448 | D        | Noticed a boulder beetle
  1448 | D        | Noticed a crocodile
  1451 | D        | Noticed a spiny frog
  1463 | D        | Killed a crocodile
  1469 | D        | Killed a hound
  1473 | D        | Killed a boulder beetle
  1473 | D        | Killed an elephant
  1473 | D        | Killed a boring beetle
  1474 | D        | Killed a seven-headed hydra
  1474 | D        | Reached skill level 10 in Shields
  1482 | D        | Killed a spiny frog
  1482 | D        | Reached XP level 10. HP: 31/107 MP: 24/24
  1763 | D        | Noticed a spiny frog
  1763 | D        | Noticed a giant frog
  1763 | D        | Noticed a blink frog
  1763 | D        | Noticed a giant leech
  1763 | D        | Noticed a spiny frog
  1763 | D        | Noticed a blink frog
  1763 | D        | Noticed a vampire mosquito
  1768 | D        | Noticed a vampire mosquito
  1772 | D        | Killed a vampire mosquito
  1795 | D        | Killed a spiny frog
  1795 | D        | Reached skill level 10 in Long Blades
  1825 | D        | Killed a blink frog
  2040 | D        | Killed a giant leech
  2045 | D        | Killed a spiny frog
  2053 | D        | Killed a giant frog
  2073 | D        | Killed a vampire mosquito
  2124 | D        | Killed a blink frog
  2337 | D        | Noticed an orc wizard
  2337 | D        | Noticed an orc priest
  2337 | D        | Noticed an orc wizard
  2337 | D        | Noticed an orc wizard
  2337 | D        | Noticed an orc wizard
  2337 | D        | Noticed an orc priest
  2341 | D        | Killed an orc priest
  2347 | D        | Noticed an orc wizard
  2352 | D        | Killed an orc wizard
  2355 | D        | Killed an orc wizard
  2357 | D        | Killed an orc wizard
  2360 | D        | Noticed an orc warrior
  2365 | D        | Killed an orc priest
  2370 | D        | Killed an orc wizard
  2374 | D        | Killed an orc wizard
  2378 | D        | Killed an orc warrior
  2435 | D        | Noticed an orc warrior
  2435 | D        | Noticed an orc knight
  2435 | D        | Noticed an orc knight
  2435 | D        | Noticed an orc warrior
  2435 | D        | Noticed an orc warrior
  2435 | D        | Noticed an orc priest
  2436 | D        | Noticed an orc warrior
  2438 | D        | Killed an orc priest
  2448 | D        | Noticed an orc warrior
  2451 | D        | Noticed an orc warrior
  2463 | D        | Killed an orc knight
  2463 | D        | Killed an orc warrior
  2469 | D        | Killed an orc knight
  2469 | D        | Killed an orc warrior
  2469 | D        | Killed an orc warrior
  2470 | D        | Killed an orc warrior
  2472 | D        | Killed an orc warrior
  2473 | D        | Noticed an orc warrior
  2476 | D        | Killed an orc warrior
  2476 | D        | Reached skill level 15 in Long Blades
  2480 | D        | Killed an orc warrior
  2483 | D        | Noticed an orc warrior
  2490 | D        | Killed an orc warrior
  2669 | D        | Found Foguypsafi's Antique Armour Boutique.
  2669 | D        | Noticed an orc sorcerer
  2669 | D        | Noticed an orc sorcerer
  2669 | D        | Noticed an orc sorcerer
  2669 | D        | Noticed an orc sorcerer
  2669 | D        | Noticed an orc sorcerer
  2669 | D        | Noticed an orc wizard
  2673 | D        | Noticed a sun demon
  2673 | D        | Killed an orc sorcerer
  2673 | D        | Reached XP level 11. HP: 104/114 MP: 25/25
  2673 | D        | Killed an orc sorcerer
  2673 | D        | Killed an orc wizard
  2689 | D        | Noticed a soul eater
  2693 | D        | Killed an orc sorcerer
  2693 | D        | Reached skill level 16 in Long Blades
  2695 | D        | Found Phatsott's Book Shop.
  2698 | D        | Killed an orc sorcerer
  2699 | D        | Found Gazoatiw's Armour Boutique.
  2699 | D        | Noticed an orc sorcerer
  2701 | D        | Noticed an orc wizard
  2718 | D        | Killed an orc sorcerer
  2718 | D        | Reached skill level 17 in Long Blades
  2723 | D        | Killed an orc wizard
  2728 | D        | Killed an orc sorcerer
  2731 | D        | Found Riet's Assorted Antiques.
  2733 | D        | Noticed an orc sorcerer
  2734 | D        | Noticed an orc wizard
  2737 | D        | Killed an orc wizard
  2738 | D        | Killed an orc sorcerer
  2739 | D        | Noticed an orc sorcerer
  2740 | D        | Noticed an orc wizard
  2741 | D        | Noticed an orc wizard
  2754 | D        | Killed an orc sorcerer
  2757 | D        | Killed an orc wizard
  2757 | D        | Reached skill level 18 in Long Blades
  2761 | D        | Killed an orc wizard
  2826 | D        | Bought the +0 ice dragon armour of the Harp {rElec rF- rC++ rCorr Str+2} for 921 gold pieces
  2921 | D        | Bought a potion of might for 92 gold pieces
  2921 | D        | Bought a scroll of identify for 46 gold pieces
  2921 | D        | Bought a murky golden potion for 20 gold pieces
  2968 | D        | Noticed Erica
  2989 | D        | Killed Erica
  3086 | D        | Got the +0 robe of Quantum Leap {MR+ Str+5 Int+2 Dex-5}
  3142 | D        | Noticed a shadow
  3142 | D        | Noticed an eye of draining
  3142 | D        | Noticed a crimson imp
  3142 | D        | Noticed a troll
  3142 | D        | Noticed a six-headed hydra
  3151 | D        | Killed a one-headed hydra
  3154 | D        | Killed a troll
  3155 | D        | Noticed a slime creature
  3156 | D        | Killed a crimson imp
  3157 | D        | Noticed an ettin
  3162 | D        | Killed an eye of draining
  3165 | D        | Noticed a yaktaur
  3166 | D        | Killed a shadow
  3167 | D        | Noticed a trapdoor spider
  3169 | D        | Noticed an ice dragon
  3171 | D        | Noticed a dire elephant
  3176 | D        | Killed a slime creature
  3179 | D        | Noticed a great orb of eyes
  3182 | D        | Noticed a centaur warrior
  3183 | D        | Killed an ettin
  3183 | D        | Reached skill level 19 in Long Blades
  3184 | D        | Noticed an emperor scorpion
  3188 | D        | Killed a yaktaur
  3193 | D        | Killed a trapdoor spider
  3203 | D        | Killed from afar by an ice dragon

Action                   |  1- 3 |  4- 6 |  7- 9 | 10-12 || total
-------------------------+-------+-------+-------+-------++-------
Melee: Long sword        |    42 |    24 |   144 |       ||   210
       Scimitar          |       |       |       |   298 ||   298
Invok: Greater Servant o |       |       |     3 |     3 ||     6
Evoke: Wand              |       |       |       |     1 ||     1
  Use: Potion            |       |     3 |     1 |     5 ||     9
       Scroll            |       |       |     1 |     1 ||     2
 Stab: Petrifying        |       |       |       |     2 ||     2
  Eat: Chunk             |       |       |     2 |     3 ||     5
       Meat ration       |       |       |       |     1 ||     1
